 Dungeon Crawl Stone Soup version 0.19.0-22-gd96e5fe (console) character file.

57 HarryHood the Cudgeler (level 3, 0/31 HPs)
             Began as a Minotaur Berserker on Nov 18, 2016.
             Was a Follower of Trog.
             Slain by a gnoll
             ... wielding a cursed -1 spear
              (5 damage)
             ... on level 2 of the Dungeon on Nov 19, 2016.
             The game lasted 00:04:53 (617 turns).

HarryHood the Cudgeler (Minotaur Berserker)          Turns: 617, Time: 00:04:53

Health: 0/31       AC:  2    Str: 23    XL:     3   Next: 73%
Magic:  1/1        EV: 12    Int:  4    God:    Trog [*.....]
Gold:   32         SH:  0    Dex: 10    Spells: 0 memorised, 2 levels left

rFire  . . .     SeeInvis .     a - +0 mace
rCold  . . .     Gourm    .     b - +0 animal skin
rNeg   . . .     Faith    .     (no shield)
rPois  .         Spirit   .     (helmet restricted)
rElec  .         Reflect  .     (no cloak)
rCorr  .         Harm     .     (no gloves)
MR     .....     Rnd*Rage +     (no boots)
Stlth  +.........               (no amulet)
                                (no ring)
                                e - +2 ring of strength

@: no status effects
A: retaliatory headbutt, horns 2, berserk 1, blurry vision 1, low mp 1
a: Berserk, Burn Spellbooks, Renounce Religion


You were on level 2 of the Dungeon.
You worshipped Trog.
Trog was aware of your devotion.
You were not hungry.

You visited 1 branch of the dungeon, and saw 2 of its levels.

You collected 32 gold pieces.

Inventory:

Hand Weapons
 a - a +0 mace (weapon)
Armour
 b - a +0 animal skin (worn)
Jewellery
 e - a +2 ring of strength (left hand)
Scrolls
 f - a scroll of identify {unknown}
 h - a scroll of fog {unknown}
Comestibles
 c - 3 bread rations
 d - a chunk of flesh


   Skills:
 - Level 3.6 Fighting
 * Level 5.7 Maces & Flails
 - Level 2.4 Armour
 - Level 2.1 Dodging


You had 2 spell levels left.
You didn't know any spells.

Dungeon Overview and Level Annotations

Branches:
Dungeon (2/15)

Altars:


Innate Abilities, Weirdness & Mutations

You reflexively headbutt those who attack you in melee.
You have a pair of horns on your head.
You tend to lose your temper in combat.
Scrolls take you a little longer to read.
Your magical capacity is low. (-10% MP)


Message History

The gnoll barely misses you. The hobgoblin barely misses you.
The gnoll hits you from afar with a spear.
* * * LOW HITPOINT WARNING * * *
There is an open door here.
You are too injured to fight recklessly!
It was a potion of mutation.
You feel extremely strange.
You feel a little pissed off.
You feel less energetic.
Your vision blurs.
The hobgoblin misses you. You furiously retaliate!
You headbutt the hobgoblin.
You are too injured to fight recklessly!
You are too injured to fight recklessly!
You hit the hobgoblin but do no damage. You headbutt the hobgoblin.
You kill the hobgoblin!
Trog accepts your kill. The gnoll hits you but does no damage.
You hit the frilled lizard.
You kill the frilled lizard!
Trog accepts your kill.
The gnoll hits you from afar with a spear.
You die...

# .....# .# #
#.#. ....# %#.#
#....#...###.#.
................
.#.#####<.# .#
....$...#.###.#.#
#......g))....(#
######)#.####.##
#@#.# #
..........#
..........#
..........#
...........
......%..###
..........
.........#


You could see a gnoll.

Vanquished Creatures
  3 gnolls (D:2)
  A ball python (D:1)
  A giant cockroach (D:1)
  4 goblins
  5 hobgoblins
  2 jackals (D:1)
  3 bats (D:1)
  3 frilled lizards
  3 kobolds (D:1)
  3 rats
28 creatures vanquished.

Notes
Turn   | Place    | Note
-------+----------+-------------------------------------------
     0 | D:1      | HarryHood the Minotaur Berserker began the quest for the Orb.
     0 | D:1      | Reached XP level 1. HP: 19/19 MP: 0/0
     1 | D:1      | Upgraded the game from 0.19.0-20-gbc5f0c6 to 0.19.0-22-gd96e5fe
   100 | D:1      | Reached skill level 4 in Maces & Flails
   198 | D:1      | Reached XP level 2. HP: 23/26 MP: 1/1
   601 | D:2      | Reached skill level 5 in Maces & Flails
   601 | D:2      | Reached XP level 3. HP: 29/31 MP: 2/2
   615 | D:2      | Gained mutation: You tend to lose your temper in combat. [potion of mutation]
   615 | D:2      | Gained mutation: Your magical capacity is low. (-10% MP) [potion of mutation]
   615 | D:2      | Gained mutation: Scrolls take you a little longer to read. [potion of mutation]
   617 | D:2      | Slain by a gnoll

Skill      XL: |  1  2 |
---------------+-------+-----
Maces & Flails | 4 5 |  5.7
Fighting       | |  3.6
Armour         | |  2.4
Dodging        | |  2.1

Action                   || total
-------------------------++-------
Melee: Mace              ||    50
       Headbutt          ||    13
  Use: Potion            ||     1
Armor: Animal skin       ||    12
Dodge: Dodged            ||    44
